 Dungeon Crawl Stone Soup version 0.30-a0-879-ga8ba668304 (webtiles) character file.

Game seed: 753149386048873872

3201 porpoise the Skirmisher (level 9, -2/61 HPs)
             Began as a Merfolk Hunter on Mar 14, 2023.
             Was a Follower of Hepliaklqana.
             Slain by a bullfrog (4 damage)
             ... on level 7 of the Dungeon.
             The game lasted 00:27:20 (7621 turns).

porpoise the Skirmisher (Merfolk Hunter)            Turns: 7621, Time: 00:27:20

Health: -2/61      AC:  8    Str: 12    XL:     9   Next: 96%
Magic:  9/9        EV: 12    Int:  8    God:    Hepliaklqana [*.....]
Gold:   389        SH:  0    Dex: 21    Spells: 8/8 levels left

rFire   + . .      SeeInvis .    a - +0 shortbow
rCold   + . .      Faith    .    (shield currently unavailable)
rNeg    . . .      Spirit   .    C - +1 ring mail {rC+}
rPois   .          Reflect  .    l - +0 helmet
rElec   .          Rampage  .    (no cloak)
rCorr   .                        (no gloves)
Will    .....                    r - +0 pair of boots
Stlth   +++                      (no amulet)
HPRegen 0.30/turn                c - ring of protection from fire
MPRegen 0.11/turn                (no ring)

@: no status effects
A: reduced essence, (nimble swimmer 2), mertail
a: Renounce Religion, Recall Ancestor, Ancestor Identity


You were on level 7 of the Dungeon.
You worshipped Hepliaklqana.
Hepliaklqana was aware of your devotion.
You visited 1 branch of the dungeon, and saw 8 of its levels.
You also visited: Sewer.

You collected 419 gold pieces.
You spent 30 gold pieces at shops.

Inventory:

Hand Weapons
 a - a +0 shortbow (weapon)
 b - a +2 short sword of protection
Missiles
 d - 5 curare-tipped darts
 s - 26 poisoned darts
 v - 10 boomerangs
 D - 5 atropa-tipped darts
Armour
 l - a +0 helmet (worn)
 q - a +2 robe
 r - a +0 pair of boots (worn)
 C - a +1 ring mail of cold resistance (worn)
Jewellery
 c - a ring of protection from fire (left hand)
 B - a ring of fire
Wands
 A - a wand of quicksilver (5)
Scrolls
 e - 7 scrolls of teleportation
 f - 3 scrolls of immolation
 h - 4 scrolls of vulnerability
 i - a scroll of blinking
 o - 7 scrolls of fog
 p - a scroll of amnesia
 w - a scroll of enchant armour {unknown}
 y - a scroll of identify
 F - a scroll of enchant weapon {unknown}
Potions
 g - 3 potions of brilliance
 j - a potion of lignification
 m - a potion of mutation {unknown}
 n - a potion of ambrosia
 u - 2 potions of might
 x - a potion of flight
 z - 4 potions of resistance
 E - a potion of attraction


   Skills:
 - Level 5.0 Fighting
 + Level 5.6 Short Blades
 * Level 9.3 Ranged Weapons
 + Level 4.0 Dodging
 - Level 7.0 Stealth


You had 8 spell levels left.
You didn't know any spells.
Your spell library contained the following spells:

 Spells                   Type           Power      Damage    Failure   Level
 Necrotise                Necr           0%         1d4       69%         1
 Vampiric Draining        Necr           0%         2d6       96%         3
 Animate Armour           Summ/Erth      0%         N/A       100%        4
 Agony                    Necr           0%         N/A       100%        5
 Blade Hands              Tmut           0%         N/A       100%        5
 Iron Shot                Conj/Erth      0%         9d1       100%        6


Dungeon Overview and Level Annotations

Branches:
Dungeon (8/15)             Temple (0/1) D:5           Sewer (visited)
   Lair: D:8-11

Altars:
Elyvilon
Hepliaklqana
Nemelex Xobeh

Shops:
D:6 !

Annotations:
D:3 2 transporters, jerryboi's ghost, amateur HOFi


Innate Abilities, Weirdness & Mutations

Your life essence is reduced to manifest your ancestor. (-10% HP)
((You are very nimble when in or above water. (Stealth+, EV+, Speed+++)))
Your lower body shifts to a powerful aquatic tail in water.


Message History

Press: ? - help, Dir - move target, p - killer bee
As you read the scroll of blinking, it crumbles to dust.
As you read the scroll of teleportation, it crumbles to dust.
You feel strangely unstable. The killer bee misses you.
The killer bee stings you.
* * * LOW HITPOINT WARNING * * *
The killer bee attacks as you move away!
The killer bee barely misses you. The killer bee closely misses you.
Your surroundings suddenly seem different.
A bullfrog comes into view.
There is a stone staircase leading up here.
The bullfrog closely misses you.
You climb upwards.
There is a stone staircase leading down here.
Fire: a) +0 shortbow
Press: ? - help, Q - select action, (/) - cycle Shift-Dir - straight line, f - bullfrog
Aim: a bullfrog (62% to hit)
You shoot an arrow. The arrow closely misses the bullfrog.
The bullfrog barely misses you. x2
Unknown command.
Fire: a) +0 shortbow
Press: ? - help, Q - select action, (/) - cycle Shift-Dir - straight line, f/p - bullfrog
Aim: a bullfrog (62% to hit)
You shoot an arrow. The arrow hits the bullfrog!
The bullfrog is moderately wounded.
The bullfrog barely misses you. The bullfrog hits you.
* * * LOW HITPOINT WARNING * * *
Fire: a) +0 shortbow
Press: ? - help, Q - select action, (/) - cycle Shift-Dir - straight line, f/p - bullfrog
Aim: a bullfrog (moderately wounded, 62% to hit)
You shoot an arrow. The arrow hits the bullfrog.
The bullfrog is severely wounded.
The bullfrog hits you but does no damage. x2
Fire: a) +0 shortbow
Press: ? - help, Q - select action, (/) - cycle Shift-Dir - straight line, f/p - bullfrog
Aim: a bullfrog (severely wounded, 62% to hit)
You shoot an arrow.
The arrow completely misses the bullfrog.
The bullfrog hits you.
You die...

..#..#.#.######
#...##...#
#......### ######
........## #....#
....###..####....#
....# ##.........#
###.# ######....#
# ### #....# #
#...@# # #...F#
#....# ######


You could see a bullfrog.

Vanquished Creatures
  Pikel (D:4)
  2 water moccasins (D:7)
  An orc warrior (D:7)
  3 ice beasts
  3 black bears
  An ogre (D:5)
  4 centaurs
  A lemure (D:4)
  A phantom (D:5)
  A bullfrog (D:7)
  3 scorpions
  5 wights (D:7)
  3 killer bees (D:8)
  4 howler monkeys
  A hound (D:6)
  2 jellies
  A sleepcap (D:7)
  6 iguanas
  An orc wizard (D:7)
  11 adders
  A shadow imp (D:5)
  A white imp (D:6)
  An ufetubus (D:6)
  2 worms
  3 dart slugs
  12 orcs
  6 endoplasms
  4 giant cockroaches
  6 goblins
  4 hobgoblins
  8 jackals
  12 kobolds
  11 ball pythons
  4 bats
  5 frilled lizards
  6 rats
141 creatures vanquished.

Vanquished Creatures (collateral kills)
  2 kobold brigands (D:8)
  2 kobolds (D:8)
4 creatures vanquished.

Vanquished Creatures (others)
  An ancestor (D:8)
  5 plants (D:5)
6 creatures vanquished.

Grand Total: 151 creatures vanquished

Notes
Turn   | Place    | Note
-------+----------+-------------------------------------------
     0 | D:1      | porpoise the Merfolk Hunter began the quest for the Orb.
     0 | D:1      | Reached XP level 1. HP: 16/16 MP: 1/1
   194 | D:1      | Reached XP level 2. HP: 19/23 MP: 2/2
   407 | D:1      | Reached XP level 3. HP: 27/28 MP: 3/3
   984 | D:2      | Found a faded altar of an unknown god.
  1273 | D:3      | Reached XP level 4. HP: 35/35 MP: 4/4
  1274 | D:3      | Found a white marble altar of Elyvilon.
  1737 | D:3      | Found a transporter.
  1739 | D:3      | Noticed jerryboi's ghost (amateur HOFi)
  1745 | D:3      | Found a transporter.
  1919 | D:4      | Reached skill level 4 in Ranged Weapons
  1921 | D:4      | Found a sparkling altar of Nemelex Xobeh.
  1957 | D:4      | Found a glowing drain.
  2000 | Sewer    | Entered a sewer
  2449 | D:4      | Reached XP level 5. HP: 42/42 MP: 5/5
  2683 | D:4      | Noticed a lemure
  2685 | D:4      | Noticed a lemure
  2690 | D:4      | Noticed Pikel
  2692 | D:4      | Noticed a lemure
  2696 | D:4      | Noticed a lemure
  2698 | D:4      | Killed a lemure
  2754 | D:4      | Killed Pikel
  2755 | D:4      | Reached skill level 5 in Fighting
  2755 | D:4      | Reached skill level 5 in Ranged Weapons
  2755 | D:4      | Reached XP level 6. HP: 11/51 MP: 6/6
  2755 | D:4      | Reached XP level 7. HP: 13/56 MP: 7/7
  3211 | D:5      | Entered Level 5 of the Dungeon
  3235 | D:5      | Reached skill level 6 in Ranged Weapons
  3263 | D:5      | Reached skill level 5 in Stealth
  3621 | D:5      | Reached XP level 8. HP: 34/62 MP: 8/8
  3723 | D:5      | Found a hazy altar of Hepliaklqana.
  3792 | D:5      | Became a worshipper of Hepliaklqana the Forgotten
  3939 | D:5      | Reached skill level 7 in Ranged Weapons
  4334 | D:5      | Found a staircase to the Ecumenical Temple.
  4819 | D:6      | Found Yjithrei's Distillery.
  4849 | D:6      | Reached skill level 1 in Short Blades
  5008 | D:6      | Bought a potion of attraction for 30 gold pieces
  5246 | D:6      | Reached XP level 9. HP: 57/68 MP: 9/9
  5658 | D:7      | Reached skill level 8 in Ranged Weapons
  6921 | D:8      | Reached * piety under Hepliaklqana
  7021 | D:8      | Reached skill level 5 in Short Blades
  7021 | D:8      | Reached skill level 9 in Ranged Weapons
  7606 | D:8      | HP: 3/61 [killer bee (3)]
  7619 | D:7      | HP: 2/61 [bullfrog (6)]
  7621 | D:7      | Slain by a bullfrog

Illustrated notes

Levels and vault maps discovered:
D:1:      saegor_arrival_fortress, layout_rooms
D:2:      layout_basic, shapermc_ecumenical_altar_flowoftime
D:3:      layout_rooms, mainiacjoe_overflow_cross_hatched, gammafunk_ghost_arena
D:4:      layout_basic, mainiacjoe_overflow_concentric_impassable,
          portal_sewer_entry_d, roderic_serpentine_path, uniq_pikel
D:5:      layout_basic, nicolae_hepliaklqana_hazy_memory,
          minmay_temple_entry_offerings
D:6:      layout_basic, serial_shops, shop
D:7:      layout_rooms
D:8:      layout_loops_ring

Skill      XL: |  1  2  3  4  5  6  7  8  9 |
---------------+----------------------------+-----
Fighting       | 3 5 |  5.0
Stealth        | 2 4 5 6 7 |  7.0
Ranged Weapons | 4 5 6 7 9 |  9.3
Short Blades   | 2 5 |  5.6
Dodging        | 4 |  4.0

Action                     |  1- 3 |  4- 6 |  7- 9 || total
---------------------------+-------+-------+-------++-------
  Melee: Short sword       |     9 |    45 |   139 ||   193
         Punch             |       |     1 |     1 ||     2
   Fire: Shortbow          |    77 |   100 |   291 ||   468
  Evoke: Wand              |       |       |     4 ||     4
    Use: Scroll            |     5 |     8 |     7 ||    20
         Potion            |       |     9 |     5 ||    14
   Stab: Distracted        |       |       |     1 ||     1
         Sleeping          |       |       |     1 ||     1
 Armour: Leather armour    |    11 |    21 |     2 ||    34
         Robe              |       |       |    34 ||    34
         Ring mail         |       |       |    93 ||    93
  Dodge: Dodged            |    26 |    48 |   194 ||   268

Table legend: (Time is in decaauts)
 A = Elapsed time spent in this place.
 B = Non-inter-level travel time spent in this place.
 C = Inter-level travel time spent in this place.
 D = Time resting spent in this place.
 E = Time spent auto-exploring this place.
 F = Levels seen in this place.
 G = Mean time per level.
                   A        B        C        D        E       F      G
               +--------+--------+--------+--------+--------+-----+--------+
         Total |   7608 |   7364 |    244 |   2233 |   3714 |   9 |  845.3 |
       Dungeon |   7398 |   7154 |    244 |   2233 |   3561 |   8 |  924.8 |
         Sewer |    210 |    210 |      0 |      0 |    153 |   1 |  210.0 |
               +--------+--------+--------+--------+--------+-----+--------+

Top non-repeatable levels by time:
     D:6: 1544 daAuts
     D:5: 1389 daAuts
     D:4: 1077 daAuts
     D:7: 794 daAuts
     D:8: 712 daAuts
     D:3: 672 daAuts
     D:2: 656 daAuts
     D:1: 550 daAuts
   Sewer: 210 daAuts
